 Dungeon Crawl Stone Soup version 0.22-a0-866-geee50340df (webtiles) character file.

1665 krfreak the Insei (level 9, 0/59 HPs)
             Began as an Octopode Transmuter on July 19, 2018.
             Was a Follower of Yredelemnul.
             Slain by a slave (9 damage)
             ... led by Pikel
             ... on level 8 of the Dungeon on July 28, 2018.
             The game lasted 00:33:55 (10208 turns).

krfreak the Insei (Octopode Transmuter)            Turns: 10208, Time: 00:33:56

Health: 0/59       AC:  3    Str:  9    XL:     9   Next: 1%
Magic:  12/12      EV: 15    Int: 19    God:    Yredelemnul [*.....]
Gold:   362        SH:  0    Dex: 14    Spells: 2/12 levels left

rFire    . . .     SeeInvis .   B - +1 dagger (speed)
rCold    . . .     Gourm    .   (no shield)
rNeg     . . .     Faith    .   i - +2 hat
rPois    .         Spirit   .   (no amulet)
rElec    .         Reflect  .   k - ring of stealth
rCorr    .         Harm     .   q - ring of wizardry
MR       .....                  F - +2 ring of intelligence
Stlth    +++++.....             (no ring)
HPRegen  0.19/turn              (no ring)
MPRegen  0.13/turn              (no ring)
                                (no ring)
                                (no ring)

@: no status effects
A: almost no armour, stealthy swim, amphibious, 8 rings, constrict 8, camouflage
1, gelatinous body 1
a: Animate Remains, Renounce Religion


You were on level 8 of the Dungeon.
You worshipped Yredelemnul.
Yredelemnul was aware of your devotion.
You were not hungry.

You visited 1 branch of the dungeon, and saw 8 of its levels.

You collected 446 gold pieces.
You spent 84 gold pieces at shops.

Inventory:

Hand Weapons
 B - a +1 dagger of speed (weapon)
Missiles
 a - 131 arrows
 e - 243 stones
 H - 5 tomahawks of returning (quivered)
 I - 2 throwing nets {!f}
Armour
 i - a +2 hat (worn)
Jewellery
 k - a ring of stealth (left tentacle)
 q - a ring of wizardry (right tentacle)
 F - a +2 ring of intelligence (on tentacle)
Wands
 r - a wand of random effects (28)
 w - a wand of clouds (1)
 z - a wand of acid (6)
Scrolls
 b - 2 scrolls of amnesia {unknown}
 f - 2 scrolls of teleportation {@r4}
 g - 5 scrolls of remove curse {@r2}
 n - 3 scrolls of identify {@r1}
 o - a scroll of fog {unknown}
 s - a scroll of enchant armour
 u - a scroll of enchant weapon {unknown}
 x - a scroll of fear
 y - a scroll of random uselessness {unknown}
 G - a scroll of summoning {unknown}
Potions
 d - a potion of berserk rage {unknown}
 h - 2 potions of degeneration {unknown}
 j - 3 potions of might
 l - a potion of agility
 m - a potion of lignification {unknown}
 p - 2 potions of invisibility
 t - a potion of resistance
 v - 3 potions of haste {unknown}
 A - 2 potions of curing {@q1}
 C - a potion of flight {unknown}
 D - a potion of heal wounds {@q2}
 E - a potion of mutation {unknown}
Comestibles
 c - 13 rations
 J - 11 chunks of flesh


   Skills:
 + Level 4.5 Fighting
 + Level 4.8 Dodging
 * Level 5.9 Stealth
 * Level 7.1 Unarmed Combat
 - Level 2.2 Spellcasting
 - Level 2.4 Transmutations
 - Level 4.9 Poison Magic


You had 2 spell levels left.
You knew the following spells:

 Your Spells              Type           Power        Failure   Level  Hunger
a - Beastly Appendage     Tmut           ##....       2%          1    #......
b - Spider Form           Tmut/Pois      ###.......   4%          3    ###....
c - Ice Form              Ice/Tmut       #.......     36%         4    #####..
d - Sticks to Snakes      Tmut           ##......     4%          2    ##.....

Your spell library contained the following spells:

 Spells                   Type           Power        Failure   Level  Hunger
 Blade Hands              Tmut           ##........   52%         5    ######.


Dungeon Overview and Level Annotations

Branches:
Dungeon (8/15)             Temple (0/1) D:5
   Lair: D:8-11

Altars:
Fedhas
Makhleb
Okawaru
Qazlal
Uskayaw
Wu Jian
Yredelemnul
The Shining One

Shops:
D:5 *

Annotations:
D:4 1 runed door, zluc's ghost, amateur NaVM
D:5 exclusion: electric eel, Eustachio
D:8 Pikel


Innate Abilities, Weirdness & Mutations

You cannot wear most types of armour.
You are very stealthy in the water. (Stealth+)
You are amphibious.
You can wear up to eight rings at the same time.
You can use your tentacles to constrict eight enemies at once.
Your skin changes colour to match your surroundings (Stealth+).
Your rubbery body absorbs attacks. (AC +1, EV +1)


Message History

The bullfrog skeleton misses you.
You hit Pikel but do no damage. You constrict Pikel.
Pikel hits you but does no damage. The slave hits you.
The slave closely misses you.
You hit Pikel but do no damage. You squeeze Pikel!
You constrict Pikel, but do no damage. The bullfrog skeleton hits you.
An orc comes into view. It is wielding a hand axe.
The slave hits you but does no damage.
Pikel hits you with a whip of electrocution.
You are electrocuted!
The slave hits you.
You release your grip on Pikel.
The bullfrog skeleton barely misses you.
The adder closely misses you.
Pikel hits you with a whip of electrocution.
You are electrocuted!
* * * LOW HITPOINT WARNING * * *
The slave hits you!
You die...
Your body rises from the dead as a mindless zombie.

.............#.
.............o.
...!...........
..........(..!#
........%....?(
.......ap....#
........K....#
.).$...@poo..#
#####.pSZo$..#
#..p.....#
#........#
#........#
#....?...#
##########


You could see Pikel, an orc warrior, 4 slaves, a worker ant, an orc wizard, an
adder, 2 orcs and a bullfrog skeleton.

Vanquished Creatures
  A sky beast (D:7)
  3 orc warriors
  A black bear (D:6)
  2 centaurs
  2 bullfrogs
  A gnoll sergeant (D:5)
  A scorpion (D:7)
  A crimson imp (D:5)
  2 jellies
  A hound (D:6)
  6 orc priests
  3 orc wizards
  A bullfrog skeleton (D:4)
  An iguana (D:4)
  6 worker ants
  6 gnolls
  6 adders
  2 shadow imps
  An adder zombie (D:5)
  An adder skeleton (D:4)
  A worm (D:2)
  2 dart slugs
  6 leopard geckos
  17 orcs
  6 giant cockroaches
  6 goblins
  4 hobgoblins
  3 jackals (D:3)
  2 quokkas
  2 ball pythons
  10 bats
  5 frilled lizards
  A jackal skeleton (D:4)
  8 kobolds
  A leopard gecko skeleton (D:7)
  5 rats
127 creatures vanquished.

Vanquished Creatures (others)
  2 withered plants (D:4)
2 creatures vanquished.

Grand Total: 129 creatures vanquished

Notes
Turn   | Place    | Note
-------+----------+-------------------------------------------
     0 | D:1      | krfreak the Octopode Transmuter began the quest for the Orb.
     0 | D:1      | Reached XP level 1. HP: 13/13 MP: 3/3
     7 | D:1      | Upgraded the game from 0.22-a0-779-g6f83d72c62 to 0.22-a0-866-geee50340df
   187 | D:1      | Reached XP level 2. HP: 17/18 MP: 5/5
   910 | D:1      | Reached XP level 3. HP: 22/23 MP: 6/6
   962 | D:1      | Learned a level 3 spell: Spider Form
  1730 | D:2      | Found a blossoming altar of Fedhas.
  1860 | D:2      | Found an iron altar of Okawaru.
  2102 | D:3      | Reached XP level 4. HP: 8/29 MP: 7/7
  2450 | D:3      | Reached skill level 1 in Poison Magic
  3410 | D:3      | Reached skill level 4 in Unarmed Combat
  3786 | D:4      | Found an ornate altar of the Wu Jian Council.
  3893 | D:4      | Reached XP level 5. HP: 29/34 MP: 8/8
  3999 | D:4      | Found a basalt altar of Yredelemnul.
  4000 | D:4      | Found a burning altar of Makhleb.
  4008 | D:4      | Became a worshipper of Yredelemnul the Dark
  4070 | D:4      | Found a stormy altar of Qazlal.
  4267 | D:4      | Found a runed door.
  4269 | D:4      | Noticed zluc's ghost (amateur NaVM)
  4474 | D:4      | Learned a level 4 spell: Ice Form
  4707 | D:5      | Entered Level 5 of the Dungeon
  4754 | D:5      | Reached XP level 6. HP: 19/40 MP: 7/9
  5880 | D:5      | Noticed an orc warrior
  5881 | D:5      | Noticed Eustachio
  5907 | D:5      | Found a staircase to the Ecumenical Temple.
  5955 | D:5      | Reached skill level 5 in Unarmed Combat
  6390 | D:5      | Reached XP level 7. HP: 44/45 MP: 10/10
  6424 | D:5      | Found a glowing golden altar of the Shining One.
  6730 | D:5      | Found Vuboidogu's General Store.
  6971 | D:5      | Bought a scroll of teleportation for 42 gold pieces
  6971 | D:5      | Bought a scroll of teleportation for 42 gold pieces
  7026 | D:6      | Reached * piety under Yredelemnul
  7043 | D:6      | Learned a level 2 spell: Sticks to Snakes
  7791 | D:6      | Reached skill level 1 in Stealth
  7919 | D:6      | Reached XP level 8. HP: 46/52 MP: 9/11
  8001 | D:6      | Reached skill level 6 in Unarmed Combat
  9171 | D:7      | Reached skill level 5 in Stealth
  9436 | D:7      | Found a hide-covered altar of Uskayaw.
  9499 | D:7      | Reached skill level 7 in Unarmed Combat
 10109 | D:7      | Reached XP level 9. HP: 54/59 MP: 12/12
 10203 | D:8      | Noticed Pikel
 10208 | D:8      | Slain by a slave

Vault maps used:
D:1:      dpeg_arrival_more_subterranean_lakeside_camping, minivault_4,
          minmay_misc_feat_chi
D:2:      fedhas_altar_2, okawaru_metal_pillars_1_2
D:3:      minmay_misc_feat_plants, supply_closet_lemuel
D:4:      kennysheep_mini_moat, lemuel_round_altar,
          gammafunk_temple_overflow_statue, gammafunk_ghost_grave
D:5:      cheibrodos_two_vegetables, tso_oasis_becter,
          minmay_temple_entry_poolview, serial_shops, shop, first_ration,
          minivault_23, sword_in_stone
D:7:      basic_altar
D:8:      uniq_pikel

Skill      XL: |  1  2  3  4  5  6  7  8 |
---------------+-------------------------+-----
Poison Magic   | 1 2 4 |  4.9
Unarmed Combat | 4 5 7 |  7.1
Fighting       | 2 3 4 |  4.5
Dodging        | 3 4 |  4.8
Stealth        | 2 5 |  5.9
Spellcasting   | |  2.2
Transmutations | |  2.4

Action                   |  1- 3 |  4- 6 |  7- 9 || total
-------------------------+-------+-------+-------++-------
Melee: Unarmed           |    98 |    48 |    18 ||   164
       Constrict         |    22 |    33 |    31 ||    86
       Kick              |     6 |    16 |    12 ||    34
       Tentacles         |    10 |    25 |    41 ||    76
       Punch             |     1 |     9 |     8 ||    18
       Dagger            |       |    88 |   196 ||   284
 Fire: Hunting sling     |       |     3 |       ||     3
Throw: Tomahawk          |       |     4 |     8 ||    12
       Stone             |       |       |    10 ||    10
 Cast: Beastly Appendage |     5 |    12 |     5 ||    22
       Spider Form       |       |     3 |     3 ||     6
       Sticks to Snakes  |       |       |     5 ||     5
Evoke: Wand              |       |     1 |     6 ||     7
  Use: Potion            |     1 |     1 |     1 ||     3
       Scroll            |       |     4 |     3 ||     7
 Stab: Sleeping          |     6 |     6 |     8 ||    20
       Distracted        |     1 |       |       ||     1
       Confused          |       |     1 |       ||     1
  Eat: Chunk             |     4 |    10 |     6 ||    20
       Ration            |       |     1 |     2 ||     3
Armor: Skin              |     9 |    13 |    18 ||    40
Dodge: Dodged            |    50 |    86 |   113 ||   249

Table legend:
 A = Spawn XP
 B = Non-spawn XP
 C = Spawn XP percentage of total XP
 D = Spawn monster count
 E = Non-spawn monster count
 F = Spawn count percentage of total count
 G = Total turns spent on level
                    A         B        C        D         E        F      G
               +---------+---------+-------+---------+---------+-------+---------
         Total |       0 |    2379 |   0.0 |       0 |     127 |   0.0 | 10208
               +---------+---------+-------+---------+---------+-------+---------
           D:1 |       0 |      35 |   0.0 |       0 |      20 |   0.0 |  1045
           D:2 |       0 |      39 |   0.0 |       0 |      15 |   0.0 |  1257
           D:3 |       0 |      69 |   0.0 |       0 |      24 |   0.0 |  1475
           D:4 |       0 |     174 |   0.0 |       0 |      10 |   0.0 |  2226
           D:5 |       0 |     487 |   0.0 |       0 |      20 |   0.0 |  1106
           D:6 |       0 |     961 |   0.0 |       0 |      19 |   0.0 |  1864
           D:7 |       0 |     614 |   0.0 |       0 |      19 |   0.0 |  1228
               +---------+---------+-------+---------+---------+-------+---------
